 Dungeon Crawl Stone Soup version 0.20-a0-972-gb9bd3e6 (webtiles) character file.

1251 Rrauwl the Ducker (level 8, -5/45 (46) HPs)
             Began as a Deep Elf Necromancer on Apr 9, 2017.
             Was an Initiate of Sif Muna.
             Slain by a hippogriff (8 damage)
             ... on level 7 of the Dungeon.
             The game lasted 00:38:40 (7871 turns).

Rrauwl the Ducker (Deep Elf Necromancer)            Turns: 7871, Time: 00:38:41

HP:   -5/45 (46)    AC:  7    Str:  7    XL:     8   Next: 26%
MP:   4/15          EV: 15    Int: 21    God:    Sif Muna [......]
Gold: 317           SH:  5    Dex: 17    Spells: 5/13 levels left

rFire    + . .     SeeInvis .   r - staff of wizardry
rCold    . . .     Gourm    .   d - +0 buckler
rNeg     . . .     Faith    .   q - +1 leather armour {rPois}
rPois    +         Spirit   .   f - +1 helmet
rElec    .         Reflect  .   (no cloak)
rCorr    .         Harm     .   (no gloves)
MR       .....     Clarity  +   n - +0 pair of boots
Stlth    ++........             (no amulet)
Regen    0.2/turn               t - ring of protection from fire
MPRegen  0.2/turn               u - ring of wizardry

@: no status effects
A: agile 1, clarity, evolution 1
a: Renounce Religion


You were on level 7 of the Dungeon.
You worshipped Sif Muna.
Sif Muna was noncommittal.
You were hungry.

You visited 1 branch of the dungeon, and saw 7 of its levels.

You collected 317 gold pieces.

Inventory:

Missiles
 l - 22 arrows
Armour
 d - a +0 buckler (worn)
 f - a +1 helmet (worn)
 n - a +0 pair of boots (worn)
 q - a +1 leather armour of poison resistance (worn)
Magical Staves
 r - an uncursed staff of wizardry (weapon)
Jewellery
 e - an uncursed ring of flight
 g - an uncursed ring of resist corrosion
 t - a ring of protection from fire (left hand)
 u - a ring of wizardry (right hand)
Wands
 m - a wand of iceblast (0/15)
Scrolls
 h - 6 scrolls of remove curse
 o - 3 scrolls of identify
 p - 4 scrolls of enchant armour
Potions
 a - a potion of heal wounds {unknown}
 i - 4 potions of curing
 j - a potion of ambrosia
 k - 2 potions of lignification
Books
 b - a book of Necromancy

   Spells                             Type                      Level
   a - Pain                           Necromancy                   1
   b - Animate Skeleton               Necromancy                   1
   c - Vampiric Draining              Necromancy                   3
   d - Regeneration                   Charms/Necromancy            3
   e - Animate Dead                   Necromancy                   4
   f - Control Undead                 Necromancy                   4
Comestibles
 c - 5 bread rations
 s - a meat ration


   Skills:
 - Level 3.1 Fighting
 + Level 3.3 Staves
 - Level 3.1 Armour
 + Level 5.8 Dodging
 - Level 3.0 Stealth
 - Level 3.0 Shields
 + Level 3.3 Spellcasting
 + Level 0.8 Charms
 + Level 5.1 Necromancy
 + Level 0.7 Invocations
 + Level 2.8 Evocations


You had 5 spell levels left.
You knew the following spells:

 Your Spells              Type           Power        Failure   Level  Hunger
a - Pain                  Necr           ####         1%          1    None
b - Regeneration          Chrm/Necr      ###.......   5%          3    ###....
c - Animate Dead          Necr           N/A          7%          4    ####...


Dungeon Overview and Level Annotations

Branches:
Dungeon (7/15)
 Temple: D:4-7

Altars:
Ashenzari
Dithmenos
Fedhas
Gozag
Hepliaklqana
Makhleb
Nemelex Xobeh
Okawaru
Ru
Sif Muna
Trog
Uskayaw
Wu Jian
Xom
Zin

Annotations:
D:6 odie's ghost, novice VSAs


Innate Abilities, Weirdness & Mutations

You are agile. (Dex +2)
You possess an exceptional clarity of mind.
You evolve.


Message History

Casting: Pain
Confirm with . or Enter, or press ? or * to list all spells.
Aiming: Pain
Press: ? - help, Shift-Dir - straight line, f/p - hippogriff
Aim: a hippogriff (almost dead, chance to defeat MR: 81%)
The hippogriff barely resists.
The hippogriff barely misses you. The hippogriff pecks you.
* * * LOW HITPOINT WARNING * * *
The hippogriff claws you but does no damage.
Casting: Pain
Confirm with . or Enter, or press ? or * to list all spells.
Aiming: Pain
Press: ? - help, Shift-Dir - straight line, f/p - hippogriff
Aim: a hippogriff (almost dead, chance to defeat MR: 81%)
The hippogriff writhes in agony!
The hippogriff bites you.
* * * LOW HITPOINT WARNING * * *
The hippogriff pecks you.
* * * LOW HITPOINT WARNING * * *
The hippogriff claws you!
You die...

#..#.....# ..#
#..#.....# ##
#..#.....#
#..#.....#
####.....#
#.....# #.....#
..####.....#
.......@...#
.......H.......
...............#
......#####....#
##.... ....#
#.... ....# #...
...# #...


You could see a hippogriff.

Vanquished Creatures
  Eustachio (D:5)
  An ice beast (D:5)
  A necrophage (D:5)
  Blork the orc (D:4)
  A water moccasin skeleton (D:5)
  2 crimson imps
  4 hounds
  A jelly (D:6)
  4 orc wizards
  A bullfrog skeleton (D:6)
  An orc priest (D:6)
  Ijyb (D:3)
  2 iguanas
  5 worker ants
  A hound skeleton (D:5)
  8 adders
  3 oozes
  6 worms
  A dart slug (D:1)
  4 leopard geckos
  11 orcs
  A ball python (D:3)
  3 giant cockroaches
  8 goblins
  9 hobgoblins
  14 jackals
  8 bats
  6 frilled lizards
  A giant cockroach zombie (D:5)
  4 kobolds
  A quokka skeleton (D:6)
  11 rats
126 creatures vanquished.

Vanquished Creatures (collateral kills)
  A centaur (D:5)
  An adder skeleton (D:5)
  An orc (D:6)
  A giant cockroach (D:5)
4 creatures vanquished.

Grand Total: 130 creatures vanquished

Notes
Turn   | Place    | Note
-------+----------+-------------------------------------------
     0 | D:1      | Rrauwl the Deep Elf Necromancer began the quest for the Orb.
     0 | D:1      | Reached XP level 1. HP: 10/10 MP: 6/6
   140 | D:1      | Reached skill level 5 in Necromancy
   168 | D:1      | Reached XP level 2. HP: 12/15 MP: 8/8
  1156 | D:2      | Reached XP level 3. HP: 15/20 MP: 3/9
  1221 | D:2      | Learned a level 3 spell: Regeneration
  1250 | D:2      | Reached skill level 1 in Armour
  1532 | D:2      | Reached skill level 1 in Shields
  1536 | D:2      | Found a bloodstained altar of Trog.
  1536 | D:2      | Found a shadowy altar of Dithmenos.
  1537 | D:2      | Found a hide-covered altar of Uskayaw.
  1537 | D:2      | Found an ornate altar of the Wu Jian Council.
  1538 | D:2      | Found an iron altar of Okawaru.
  1538 | D:2      | Found a shimmering altar of Xom.
  1713 | D:2      | Reached XP level 4. HP: 17/24 MP: 7/10
  1753 | D:2      | Reached skill level 1 in Fighting
  2253 | D:2      | Gained mutation: You evolve. [potion of mutation]
  2253 | D:2      | Gained mutation: You possess an exceptional clarity of mind. [potion of mutation]
  2576 | D:3      | Learned a level 4 spell: Animate Dead
  2704 | D:3      | Found a hazy altar of Hepliaklqana.
  2705 | D:3      | Found a glowing silver altar of Zin.
  2741 | D:3      | Noticed Ijyb
  2750 | D:3      | Killed Ijyb
  2750 | D:3      | Reached XP level 5. HP: 20/29 MP: 3/11
  3569 | D:4      | Noticed Blork the orc
  3903 | D:4      | Found a sparkling altar of Nemelex Xobeh.
  4049 | D:4      | Found a sacrificial altar of Ru.
  4265 | D:4      | Killed Blork the orc
  4265 | D:4      | Reached skill level 1 in Staves
  4265 | D:4      | Reached XP level 6. HP: 32/35 MP: 12/12
  4330 | D:4      | Found a blossoming altar of Fedhas.
  4406 | D:5      | Entered Level 5 of the Dungeon
  4540 | D:5      | Gained mutation: You are agile. (Dex +2) [evolution]
  4578 | D:5      | Noticed an ice beast
  4710 | D:5      | Reached skill level 1 in Evocations
  5061 | D:6      | Found a shimmering altar of Xom.
  5061 | D:6      | Found a shimmering altar of Xom.
  5086 | D:6      | Noticed odie's ghost (novice VSAs)
  5282 | D:5      | Reached XP level 7. HP: 34/40 MP: 3/13
  5379 | D:5      | Found a shattered altar of Ashenzari.
  5846 | D:4      | Reached skill level 5 in Dodging
  6000 | D:5      | Noticed Eustachio
  6032 | D:5      | Killed Eustachio
  6384 | D:5      | Reached XP level 8. HP: 17/45 MP: 6/14
  6562 | D:5      | Found a burning altar of Makhleb.
  6667 | D:5      | Found an opulent altar of Gozag.
  7154 | D:6      | Found a deep blue altar of Sif Muna.
  7157 | D:6      | Became a worshipper of Sif Muna the Loreminder
  7857 | D:7      | Noticed a hippogriff
  7871 | D:7      | Slain by a hippogriff

Vault maps used:
D:1:      minmay_arrival_five_plusses
D:2:      grunt_temple_overflow_open
D:3:      amethyst_overflow_temple_binary, uniq_iyjb
D:4:      lemuel_round_altar, nicolae_ru_the_path_less_chosen,
          nemelex_xobeh_ov_fountains_minmay, uniq_blork_the_orc
D:5:      marbit_many_paths, evilmike_ruin_ashenzari, basic_altar, first_bread,
          uniq_eustachio
D:6:      kennysheep_mini_moat, kennysheep_mini, portal_sewer_entry_d,
          hangedman_decor_lopped, xom_redecorated
D:7:      minmay_temple_entry_hall, uniq_menkaure

Skill      XL: |  1  2  3  4  5  6  7 |
---------------+----------------------+-----
Necromancy     | 5 |  5.1
Stealth        | 3 |  3.0
Armour         | 1 2 3 |  3.1
Dodging        | 3 4 5 |  5.8
Shields        | 1 2 3 |  3.0
Fighting       | 1 2 3 |  3.1
Staves         | 1 3 |  3.3
Evocations     | 1 2 |  2.8
Spellcasting   | |  3.3
Charms         | |  0.8
Invocations    | |  0.7

Action                   |  1- 3 |  4- 6 |  7- 9 || total
-------------------------+-------+-------+-------++-------
Melee: Unarmed           |     8 |       |       ||     8
       Mace              |    55 |    80 |       ||   135
       Staff             |       |    80 |   155 ||   235
 Cast: Pain              |    36 |   115 |    79 ||   230
       Animate Dead      |       |     2 |     5 ||     7
Evoke: Wand              |       |     5 |     1 ||     6
  Use: Scroll            |     6 |     4 |     1 ||    11
       Potion            |     3 |     5 |     1 ||     9
 Stab: Sleeping          |     4 |     4 |     3 ||    11
  Eat: Chunk             |     2 |     8 |       ||    10
       Meat ration       |       |     1 |     1 ||     2
       Fruit             |       |       |     3 ||     3
Armor: Robe              |    20 |    18 |       ||    38
       Skin              |       |    11 |       ||    11
       Leather armour    |       |    30 |    58 ||    88
Dodge: Dodged            |    71 |   101 |   143 ||   315
Block: Buckler           |    14 |    33 |    34 ||    81
